 Dungeon Crawl Stone Soup version 0.31-a0-876-gfe8ebadbca (webtiles) character file.

Game seed: 18094031901077002461

233 Pixllover the Digger (level 6, 0/33 HPs)
             Began as a Gargoyle Earth Elementalist on Oct 13, 2023.
             Killed from afar by an orc wizard (9 damage)
             ... with a magic dart
             ... on level 4 of the Dungeon.
             The game lasted 00:05:49 (2227 turns).

Pixllover the Digger (Gargoyle Earth Elementalist)  Turns: 2227, Time: 00:05:49

Health: 0/33       AC:  8    Str: 11    XL:     6   Next: 5%
Magic:  5/11       EV: 12    Int: 24    God:
Gold:   112        SH:  0    Dex: 10    Spells: 10/11 levels left

rFire   . . .        h - +2 dagger (speed)
rCold   . . .        (no shield)
rNeg    + . .        a - +0 robe
rPois   ∞            q - +2 hat
rElec   +            (no cloak)
rCorr   .            (no gloves)
SInv    .            (no boots)
Will    .....        (no amulet)
Stlth   ++           e - +6 ring of intelligence
HPRegen 0.25/turn    (no ring)
MPRegen 0.12/turn

%: no passive effects
@: no status effects
A: sickness immunity, AC +4, negative energy resistance 1, electricity
resistance, torment resistance 1, petrification resistance
a: no special abilities


You were on level 4 of the Dungeon.
You visited 1 branch of the dungeon, and saw 4 of its levels.

You collected 112 gold pieces.

Inventory:

Hand Weapons
 h - a +2 dagger of speed (weapon)
Missiles
 p - 3 boomerangs
Armour
 a - a +0 robe (worn)
 q - a +2 hat (worn)
Jewellery
 e - a +6 ring of intelligence (left hand)
Scrolls
 c - 5 scrolls of identify {unknown}
 f - 2 scrolls of noise {unknown}
 i - a scroll of silence {unknown}
 m - 2 scrolls of teleportation {unknown}
Potions
 b - 2 potions of magic
 d - a potion of invisibility {unknown}
 g - a potion of brilliance {unknown}
 j - a potion of enlightenment {unknown}
 k - a potion of mutation {unknown}
 l - a potion of attraction {unknown}
 n - a potion of might {unknown}
 o - a potion of curing {unknown}


   Skills:
 + Level 0.7 Fighting
 + Level 1.0 Short Blades
 + Level 2.1 Dodging
 + Level 2.8 Stealth
 + Level 0.1 Unarmed Combat
 + Level 3.3 Spellcasting
 + Level 1.0 Transmutations
 + Level 5.7 Earth Magic


You had 10 spell levels left.
You knew the following spells:

 Your Spells              Type           Power      Damage    Failure   Level
a - Sandblast             Erth           62%        2d14      1%          1

Your spell library contained the following spells:

 Spells                   Type           Power      Damage    Failure   Level
 Passwall                 Tmut/Erth      16%        N/A       4%          2
 Stone Arrow              Conj/Erth      34%        3d9       10%         3
 Blink                    Tloc           8%         N/A       16%         2
 Lesser Beckoning         Tloc           8%         N/A       16%         2
 Momentum Strike          Conj/Tloc      8%         3d8       16%         2
 Petrify                  Tmut/Erth      20%        N/A       26%         4
 Inner Flame              Hex/Fire       4%         N/A       30%         3
 Brom's Barrelling Bould  Conj/Erth      17%        2d4       32%         4
 Yara's Violent Unravell  Hex/Tmut       3%         3d4       93%         5
 Enfeeble                 Hex            2%         N/A       100%        7


Dungeon Overview and Level Annotations

Branches:
Dungeon (4/15)
 Temple: D:4-7

Altars:
Hepliaklqana


Innate Abilities, Weirdness & Mutations

You are immune to sickness and miasma.
Your stone body is resilient. (AC +4)
You are immune to poison.
You resist negative energy. (rN+)
You are resistant to electric shocks. (rElec)
You are resistant to unholy torment.
You are immune to petrification.


Message History

You hit something but do no damage. The giant cockroach misses you.
You hit something but do no damage.
You hear some strange, mumbled words.
A magic dart appears from out of thin air!
The magic dart hits you!
You closely miss something.
The giant cockroach bites you but does no damage.
You hit something but do no damage.
You hear some strange, mumbled words.
A magic dart appears from out of thin air!
The magic dart hits you!
* * * LOW HITPOINT WARNING * * *
The giant cockroach closely misses you.
You hit something but do no damage. Something completely misses you.
The giant cockroach closely misses you.
Found 5 stones.
The giant cockroach bites you but does no damage.
Something completely misses you.
Found a fuming silvery potion.
Something hits you but does no damage.
Casting: Sandblast (safe; 1% risk of failure)
Confirm with . or Enter, or press ? or * to list all spells.
Aiming: Sandblast (safe; 1% risk of failure)
Press: ? - help, Shift-Dir - straight line, f/p - giant cockroach
Aim: a giant cockroach (84% to hit)
The blast of sand hits the giant cockroach.
The giant cockroach is almost dead.
The giant cockroach closely misses you.
The giant cockroach bites you but does no damage.
Something hits you but does no damage.
Casting: Sandblast (safe; 1% risk of failure)
Confirm with . or Enter, or press ? or * to list all spells.
Aiming: Sandblast (safe; 1% risk of failure)
Press: ? - help, Shift-Dir - straight line, f/p - giant cockroach
Aim: a giant cockroach (almost dead, 84% to hit)
The blast of sand hits the giant cockroach.
You kill the giant cockroach!
You hear some strange, mumbled words.
A magic dart appears from out of thin air!
The magic dart hits you!
You die...

#...... ..##..
#...... #.... ##
#.$...##...# ..#
##..........### #.##
#.............##...#
..)...#.#.....!..#
.......<†........#..
......#.#..{........
####......@†.)......
.........#).......
##...........).....
...........##......
.........### ......
#....##..# ..####
#.. ##. ..# #! .. (#


There were no monsters in sight!

Vanquished Creatures
  A jelly (D:3)
  An orc priest (D:3)
  An orc wizard (D:3)
  A gnoll (D:1)
  6 adders
  3 worms
  6 dart slugs
  4 orcs
  2 bats
  6 endoplasms
  3 giant cockroaches
  9 goblins
  3 hobgoblins
  2 jackals (D:3)
  5 quokkas
  6 ball pythons
  3 frilled lizards
  2 kobolds (D:2)
  5 rats
69 creatures vanquished.

Notes
Turn   | Place    | Note
-------+----------+-------------------------------------------
     0 | D:1      | Pixllover the Gargoyle Earth Elementalist began the quest
                  | for the Orb.
     0 | D:1      | Reached XP level 1. HP: 10/10 MP: 3/3
    75 | D:1      | Reached skill level 4 in Earth Magic
    75 | D:1      | Reached XP level 2. HP: 15/15 MP: 0/5
   277 | D:1      | Reached skill level 1 in Transmutations
   277 | D:1      | Reached XP level 3. HP: 12/19 MP: 2/6
   823 | D:2      | Found a faded altar of an unknown god.
  1060 | D:2      | Reached skill level 5 in Earth Magic
  1078 | D:2      | Reached XP level 4. HP: 24/24 MP: 3/7
  1555 | D:3      | Reached XP level 5. HP: 28/28 MP: 6/9
  1618 | D:3      | Found a hazy altar of Hepliaklqana.
  1966 | D:3      | Reached skill level 1 in Short Blades
  2199 | D:3      | Reached XP level 6. HP: 33/33 MP: 8/11
  2227 | D:4      | Killed from afar by an orc wizard

Illustrated notes

Levels and vault maps discovered:
D:1:      ncdulo_halloftheorcs, layout_rooms
D:2:      layout_loops_ring, shapermc_ecumenical_altar_petra
D:3:      layout_loops_ring, nicolae_hepliaklqana_hazy_memory,
          small_statue_intersection
D:4:      wad_lake_hut, layout_cave_pools, wad_floor_pattern_untrapped,
          st_stairs_14, nicolae_custom_books, hangedman_feature_mirror,
          uniq_edmund

Skill      XL: |  1  2  3  4  5 |
---------------+----------------+-----
Earth Magic    | 4 5 |  5.7
Transmutations | 1 |  1.0
Dodging        | 2 |  2.1
Spellcasting   | 3 |  3.3
Short Blades   | 1 |  1.0
Fighting       | |  0.7
Stealth        | |  2.8
Unarmed Combat | |  0.1

Action                     |  1- 3 |  4- 6 || total
---------------------------+-------+-------++-------
  Melee: Unarmed           |     4 |       ||     4
         Dagger            |    18 |    77 ||    95
   Cast: Sandblast         |    33 |    38 ||    71
   Stab: Sleeping          |       |     2 ||     2
 Armour: Robe              |    15 |    40 ||    55
  Dodge: Dodged            |    18 |    43 ||    61

Table legend: (Time is in decaauts)
 A = Elapsed time spent in this place.
 B = Non-inter-level travel time spent in this place.
 C = Inter-level travel time spent in this place.
 D = Time resting spent in this place.
 E = Time spent auto-exploring this place.
 F = Levels seen in this place.
 G = Mean time per level.
                   A        B        C        D        E       F      G
               +--------+--------+--------+--------+--------+-----+--------+
         Total |   2231 |   2171 |     60 |      6 |   1434 |   4 |  557.8 |
       Dungeon |   2231 |   2171 |     60 |      6 |   1434 |   4 |  557.8 |
               +--------+--------+--------+--------+--------+-----+--------+

Top non-repeatable levels by time:
     D:2: 830 daAuts
     D:1: 728 daAuts
     D:3: 642 daAuts
     D:4: 30 daAuts
